 Dungeon Crawl Stone Soup version 0.27-a0-1529-g1e82c303ef (webtiles) character file.

Game seed: 9810745079718769559

1290 Lanoc the Cudgeller (level 8, -2/71 (75) HPs)
             Began as a Naga Chaos Knight on July 11, 2021.
             Was a Plaything of Xom.
             Slain by a troll (9 damage)
             ... on level 9 of the Dungeon.
             The game lasted 00:11:31 (5916 turns).

Lanoc the Cudgeller (Naga Chaos Knight)             Turns: 5916, Time: 00:11:32

HP:   -2/71 (75)    AC: 12    Str: 14 (15) XL:     8   Next: 55%
MP:   8/8           EV: 15    Int: 11 (13) God:    Xom [*.....]
Gold: 135           SH:  0    Dex: 16      Spells: 7/7 levels left

rFire    . . .     SeeInvis +   b - +5 quarterstaff (chaos)
rCold    . . .     Faith    .   (shield currently unavailable)
rNeg     . . .     Spirit   .   m - +2 leather armour
rPois    +         Reflect  .   A - +1 helmet
rElec    .         Harm     .   B - scarf {shadows}
rCorr    .         Rampage  .   u - +0 pair of gloves
Will     +....                  (no barding)
Stlth    +.........             g - amulet of magic regeneration
HPRegen  0.21/turn              s - +4 ring of evasion
MPRegen  0.36/turn              (no ring)

@: attractive, drained, very slow
A: AC +2, large, see invisible, deformed body, poison resistance, slowness 2,
spit poison 2, naga tail 1, iridescent scales 1, agile 2, deterioration 1,
evolution 2
a: Breathe Poison Gas, Renounce Religion


You were on level 9 of the Dungeon.
You worshipped Xom.
You were a special plaything of Xom.
You visited 1 branch of the dungeon, and saw 7 of its levels.

You collected 231 gold pieces.
You spent 96 gold pieces at shops.

Inventory:

Hand Weapons
 a - a +0 mace of chaos
 b - a +5 quarterstaff of chaos (weapon)
Missiles
 e - 3 atropa-tipped darts
Armour
 m - a +2 leather armour (worn)
 q - a +0 buckler
 u - a +0 pair of gloves (worn)
 A - a +1 helmet (worn)
 B - a scarf of shadows (worn)
Jewellery
 g - an amulet of magic regeneration (around neck)
 s - a +4 ring of evasion (left hand)
Wands
 t - a wand of digging (8)
 v - a wand of mindburst (19)
Scrolls
 f - 3 scrolls of enchant weapon
 i - 2 scrolls of vulnerability {unknown}
 j - 3 scrolls of torment {unknown}
 k - a scroll of blinking {unknown}
 n - a scroll of magic mapping
 o - 2 scrolls of silence
 w - a scroll of holy word {unknown}
 x - a scroll of brand weapon {unknown}
 y - a scroll of amnesia {unknown}
Potions
 l - a potion of flight
 p - 2 potions of brilliance


   Skills:
 + Level 5.4 Fighting
 * Level 7.0 Maces & Flails
 + Level 4.0 Armour
 + Level 3.6 Dodging


You had 7 spell levels left.
You didn't know any spells.
Your spell library was empty.

Dungeon Overview and Level Annotations

Branches:
Dungeon (6/15)
 Temple: D:4-7

Altars:

Shops:
D:4 **

Annotations:
D:5 2 runed translucent doors, sn0wgr3's ghost, novice GrFi


Innate Abilities, Weirdness & Mutations

Your serpentine skin is tough. (AC +2)
You have supernaturally acute eyesight. (SInv)
Armour fits poorly on your strangely shaped body.
Your system is resistant to poisons. (rPois)
You cover ground very slowly.
You can exhale a cloud of poison.
You have a snake-like lower body.
You are partially covered in iridescent scales. (AC +2)
You are very agile. (Dex +4)
Your body sometimes deteriorates upon taking damage.
You rapidly evolve.


Message History

Xom roars with laughter!
A troll comes into view.
The troll shouts!
You hear a howl!
You hear a bark! x2
An electric eel comes into view.
The electric eel shoots out a bolt of lightning at you!
The bolt of electricity hits you!
You feel threatened and lose the ability to read scrolls!
A wolf comes into view.
Found 17 bolts and a scroll of identify.
A two-headed ogre comes into view. It is wielding two +0 giant clubs.
The two-headed ogre shouts in stereo!
It was a potion of mutation.
You feel extremely strange.
You feel clever.
You can once more read scrolls while threatened.
Your genes go into a fast flux.
You feel agile.
Iridescent scales grow over part of your body.
Xom roars with laughter!
It was a potion of attraction.
You feel attractive to monsters.
You can read scrolls again.
The troll bites you.
You emit a cloud of colourful smoke!
The troll claws you but does no damage. The troll claws you.
The two-headed ogre is pulled toward you!
The electric eel is pulled toward you!
As you read the scroll labelled JEACADWIRITAVU, it crumbles to dust.
It is a scroll of enchant weapon.
Your +4 quarterstaff of chaos glows red for a moment.
The troll closely misses you. The troll claws you.
The troll claws you but does no damage.
The two-headed ogre hits you with a +0 giant club! x2
* * * LOW HITPOINT WARNING * * *
Your body deteriorates!
You feel dopey.
As you read the scroll labelled VOLEBB RIOREMN, it crumbles to dust.
Wisps of shadow whirl around you...
It was a scroll of summoning.
The troll bites you.
* * * LOW HITPOINT WARNING * * *
The troll completely misses you. The troll claws you!
You die...
Xom roars with laughter!

≈.≈≈....#
.≈≈≈≈...#
≈≈≈≈≈≈..#
≈≈≈≈≈≈..#
h.......#
≈≈≈≈≈≈ZS#
≈≈≈...§Z#
≈≈≈≈≈;T@#
≈≈≈≈≈..O§#
.≈≈..D...#
...≈.....#
...?(....#
##.###.#.#
#. #. .#


You could see a two-headed ogre (ally target), a troll (ally target), an
electric eel (ally target), a friendly water moccasin (summoned), a friendly
acid dragon (summoned, wandering) and 2 friendly howler monkey zombies.

Vanquished Creatures
  Edmund (D:4)
  A water moccasin (D:5)
  An ice beast (D:3)
  A black bear (D:5)
  An ogre (D:5)
  A necrophage (D:4)
  Blork the orc (D:5)
  A scorpion (D:4)
  A water moccasin skeleton (D:4)
  A howler monkey (D:4)
  2 centaur zombies
  Crazy Yiuf (D:4)
  A jelly (D:5)
  An orc priest (D:5)
  2 hounds
  2 orc wizards (D:5)
  A killer bee zombie (D:5)
  6 gnolls (D:5)
  6 adders
  A shadow imp (D:5)
  A white imp (D:6)
  An ufetubus (D:4)
  A worm (D:3)
  4 dart slugs
  6 orcs
  13 endoplasms
  8 goblins
  9 hobgoblins
  7 jackals
  7 kobolds
  6 quokkas
  4 ball pythons
  5 bats
  5 frilled lizards
  7 rats
117 creatures vanquished.

Notes
Turn   | Place    | Note
-------+----------+-------------------------------------------
     0 | D:1      | Lanoc the Naga Chaos Knight began the quest for the Orb.
     0 | D:1      | Reached XP level 1. HP: 21/21 MP: 1/1
    32 | D:1      | XOM: potion effect (brilliance)
    40 | D:1      | Reached skill level 1 in Dodging
    40 | D:1      | Reached XP level 2. HP: 3/28 MP: 2/2
    60 | D:1      | XOM: 1-stop teleportation journey
   584 | D:1      | XOM: give mutations
   584 | D:1      | Gained mutation: You evolve. [Xom's mischief]
   584 | D:1      | Gained mutation: You are dopey. (Int -2) [Xom's mischief]
   584 | D:1      | Gained mutation: You can exhale a cloud of poison. [Xom's
                  | mischief]
   616 | D:1      | Reached XP level 3. HP: 31/34 MP: 3/3
  1156 | D:1      | XOM: stat loss: -1 Dex (10/11)
  2010 | D:2      | XOM: give mutation
  2010 | D:2      | Gained mutation: You sometimes lose the ability to read
                  | scrolls when taking damage. [Xom's mischief]
  2214 | D:3      | Reached XP level 4. HP: 42/42 MP: 4/4
  2337 | D:3      | Reached skill level 4 in Maces & Flails
  2430 | D:3      | Noticed an ice beast
  2482 | D:4      | Reached XP level 5. HP: 49/49 MP: 5/5
  2495 | D:4      | XOM: polymorph quokka -> ball python
  2616 | D:4      | Noticed a necrophage
  2629 | D:4      | Killed a necrophage
  2630 | D:4      | Reached XP level 6. HP: 53/57 MP: 6/6
  2654 | D:4      | Found a runed translucent door.
  2655 | D:4      | Noticed Crazy Yiuf
  2801 | D:4      | XOM: enchant monster (bad)
  3015 | D:4      | XOM: summons 2 hostile shadow creatures
  3229 | D:4      | Noticed Sigmund
  3231 | D:4      | Noticed Sigmund
  3231 | D:4      | Sigmund changed into Sigmund the scorpion
  3231 | D:4      | XOM: polymorph Sigmund -> Sigmund the scorpion
  3233 | D:4      | Killed Sigmund the scorpion
  3234 | D:4      | Reached skill level 5 in Maces & Flails
  3416 | D:4      | Found Erimuete's General Store.
  3421 | D:4      | Found Dumped's Specific Store.
  3427 | D:4      | Bought a scroll of identify for 24 gold pieces
  3427 | D:4      | Bought a potion of curing for 36 gold pieces
  3427 | D:4      | Bought a potion of curing for 36 gold pieces
  3489 | D:4      | Lost mutation: You are dopey. (Int -2) [evolution]
  3668 | D:4      | XOM: torment (30/57 hp)
  3824 | D:4      | Killed Crazy Yiuf
  3921 | D:3      | Reached XP level 7. HP: 56/64 MP: 7/7
  4262 | D:5      | Entered Level 5 of the Dungeon
  4264 | D:5      | Noticed Edmund
  4264 | D:5      | XOM: blink monster(s)
  4286 | D:4      | Killed Edmund
  4500 | D:4      | XOM: summons 2 hostile demons
  4554 | D:5      | Noticed Blork the orc
  4568 | D:5      | Killed Blork the orc
  4569 | D:5      | Reached skill level 6 in Maces & Flails
  4571 | D:5      | Reached XP level 8. HP: 55/73 MP: 8/8
  4679 | D:5      | XOM: give mutations
  4679 | D:5      | Gained mutation: You are dopey. (Int -2) [Xom's mischief]
  4679 | D:5      | Gained mutation: You are weak. (Str -2) [Xom's mischief]
  4692 | D:5      | Reached skill level 5 in Fighting
  4722 | D:5      | XOM: give mutations
  4722 | D:5      | Lost mutation: You are weak. (Str -2) [Xom's mischief]
  4722 | D:5      | Gained mutation: Your body sometimes deteriorates upon
                  | taking damage. [Xom's mischief]
  4740 | D:5      | XOM: 3-stop teleportation journey
  4942 | D:5      | XOM: summons 4 hostile shadow creatures
  4955 | D:5      | XOM: polymorph adder -> river rat
  4965 | D:6      | HP: 2/74 [white imp/puff of frost (8)]
  5008 | D:6      | XOM: silly message
  5421 | D:5      | Found a runed translucent door.
  5465 | D:5      | Reached skill level 7 in Maces & Flails
  5564 | D:5      | Gained mutation: You are agile. (Dex +2) [evolution]
  5579 | D:5      | Found a runed translucent door.
  5580 | D:5      | Noticed sn0wgr3's ghost (novice GrFi)
  5906 | D:6      | You fall into a shaft and drop 3 floors!
  5908 | D:9      | XOM: fog
  5911 | D:9      | Noticed a troll
  5912 | D:9      | Noticed a two-headed ogre
  5913 | D:9      | Lost mutation: You are dopey. (Int -2) [potion of mutation]
  5913 | D:9      | Lost mutation: You sometimes lose the ability to read
                  | scrolls when taking damage. [potion of mutation]
  5913 | D:9      | Gained mutation: You rapidly evolve. [potion of mutation]
  5913 | D:9      | Gained mutation: You are very agile. (Dex +4) [potion of
                  | mutation]
  5913 | D:9      | Gained mutation: You are partially covered in iridescent
                  | scales. (AC +2) [potion of mutation]
  5914 | D:9      | XOM: smoke on damage
  5916 | D:9      | Slain by a troll

Illustrated notes

Levels and vault maps discovered:
D:1:      zaba_arrival_water, layout_loops_ring
D:2:      kennysheep_big_flooded_room, layout_basic
D:3:      layout_rooms, chequers_serial_rivers_small_3, grunt_ministairs_9,
          minmay_misc_feat_hallway
D:4:      layout_basic, nicolae_specific_store, serial_bayou_pond_e,
          uniq_sigmund, uniq_crazy_yiuf_cottage
D:5:      layout_cave_pools, ebering_ghost_sewer_f, kennysheep_donut,
          chequers_serial_rivers_large_b, minmay_liquid_box, uniq_blork_the_orc,
          uniq_edmund
D:6:      layout_loops_cross, minmay_temple_entry_enclosed_plants
D:9:      layout_loops_corners, erik_lair_island, serial_shops, shop

Skill      XL: |  1  2  3  4  5  6  7  8 |
---------------+-------------------------+-----
Dodging        | 1 2 3 |  3.6
Armour         | 2 3 4 |  4.0
Maces & Flails | 4 5 6 7 |  7.0
Fighting       | 4 5 |  5.4

Action                   |  1- 3 |  4- 6 |  7- 9 || total
-------------------------+-------+-------+-------++-------
Melee: Mace              |    68 |    69 |       ||   137
       Quarterstaff      |       |    15 |    90 ||   105
 Abil: Spit Poison       |    10 |       |       ||    10
       Breathe Poison Ga |    18 |    18 |    17 ||    53
  Use: Scroll            |       |     7 |     4 ||    11
       Potion            |       |       |     7 ||     7
 Stab: Paralysed         |       |     1 |       ||     1
       Confused          |       |       |     1 ||     1
Armor: Leather armour    |    19 |    47 |    48 ||   114
Dodge: Dodged            |    44 |    52 |   117 ||   213
Block: Buckler           |       |     1 |       ||     1

Table legend: (Time is in decaauts)
 A = Elapsed time spent in this place.
 B = Non-inter-level travel time spent in this place.
 C = Inter-level travel time spent in this place.
 D = Time resting spent in this place.
 E = Time spent auto-exploring this place.
 F = Levels seen in this place.
 G = Mean time per level.
                   A        B        C        D        E       F      G
               +--------+--------+--------+--------+--------+-----+--------+
         Total |   7201 |   6949 |    252 |    547 |   5400 |   7 | 1028.7 |
       Dungeon |   7201 |   6949 |    252 |    547 |   5400 |   7 | 1028.7 |
               +--------+--------+--------+--------+--------+-----+--------+

Top non-repeatable levels by time:
     D:4: 1977 daAuts
     D:1: 1664 daAuts
     D:5: 1355 daAuts
     D:2: 1068 daAuts
     D:3: 776 daAuts
     D:6: 347 daAuts
     D:9: 10 daAuts
